 Dungeon Crawl Stone Soup version 0.22-a0-422-g9628fc8 (webtiles) character file.

6596 Firecrotchwizard the Grappler (level 10, -3/106 HPs)
             Began as a Troll Monk on May 19, 2018.
             Was a High Priest of Okawaru.
             Slain by a gnoll sergeant
             ... wielding a +4 spear of pain
              (12 damage)
             ... on level 9 of the Dungeon.
             The game lasted 00:20:12 (8426 turns).

Firecrotchwizard the Grappler (Troll Monk)          Turns: 8426, Time: 00:20:13

Health: -3/106     AC:  8    Str: 26    XL:     10   Next: 71%
Magic:  11/11      EV: 10    Int:  6    God:    Okawaru [*****.]
Gold:   323        SH:  2    Dex: 12    Spells: 9/9 levels left

rFire    . . .     SeeInvis .     - Unarmed
rCold    . . .     Gourm    +   (no shield)
rNeg     . . .     Faith    .   a - +0 robe
rPois    .         Spirit   .   (helmet restricted)
rElec    .         Reflect  +   J - +2 cloak
rCorr    .         Harm     .   (gloves unavailable)
MR       .....                  (boots unavailable)
Stlth    ++........             D - +2 amulet of reflection
HPRegen  0.67/turn              F - +2 ring of strength
MPRegen  0.12/turn              (no ring)

@: no status effects
A: large, unfitting armour, claws 3, fast metabolism 3, gourmand, regeneration
1, shaggy fur 1, tough skin 2
a: Heroism, Finesse, Renounce Religion


You were on level 9 of the Dungeon.
You worshipped Okawaru.
Okawaru was extremely pleased with you.
You were very full.

You visited 2 branches of the dungeon, and saw 10 of its levels.
You also visited: Sewer and Ossuary.

You collected 593 gold pieces.
You spent 270 gold pieces at shops.

Inventory:

Hand Weapons
 K - a +0 dagger of distortion {!w}
   (You took it off Psyche on level 9 of the Dungeon)
Missiles
 s - 2 large rocks (quivered) {!d}
Armour
 a - a +0 robe (worn)
 I - a +1 hat of magic resistance
   (Okawaru gifted it to you on level 9 of the Dungeon)
 J - a +2 cloak (worn)
   (You found it on level 8 of the Dungeon)
Jewellery
 w - an uncursed ring of ice {rC+, rF-}
   (You bought it in a shop on level 5 of the Dungeon)
 x - an uncursed ring of flight {+Fly, !d}
   (You found it on level 5 of the Dungeon)
 D - a +2 amulet of reflection (around neck)
   (You took it off an orc warrior on level 6 of the Dungeon)
 F - a +2 ring of strength (left claw)
   (You found it on level 9 of the Dungeon)
Wands
 p - a wand of scattershot (2)
   (You took it off Ijyb on level 4 of the Dungeon)
 y - a wand of disintegration (10) {@e1}
   (You found it on level 9 of the Dungeon)
 A - a wand of iceblast (8)
   (You found it on level 6 of the Dungeon)
 C - a wand of random effects (36)
   (You found it on level 8 of the Dungeon)
 E - a wand of flame (19)
   (You found it on level 7 of the Dungeon)
 H - a wand of digging (13)
   (You found it on level 7 of the Dungeon)
Scrolls
 c - 6 scrolls of remove curse
 e - a scroll of fog
 i - 5 scrolls of teleportation
 j - 3 scrolls of blinking {!r}
 o - a scroll of amnesia
 t - 3 scrolls of identify
 u - 2 scrolls of fear
 v - 2 scrolls of magic mapping {!r}
Potions
 d - 2 potions of haste
 f - 3 potions of might
 g - 3 potions of lignification {unknown}
 h - 6 potions of curing
 k - 2 potions of heal wounds
 l - 2 potions of agility {unknown}
 m - 3 potions of magic {unknown}
 n - 5 potions of flight
 q - a potion of resistance {unknown}
 r - a potion of brilliance {unknown}
 z - 2 potions of mutation {unknown}
 G - a potion of cancellation {unknown}
Comestibles
 b - 12 rations {@e1}


   Skills:
 + Level 8.4 Fighting
 + Level 3.4 Armour
 - Level 2.4 Dodging
 - Level 1.0 Stealth
 - Level 12.0 Unarmed Combat
 + Level 3.8 Invocations


You had 9 spell levels left.
You didn't know any spells.
Your spell library was empty.

Dungeon Overview and Level Annotations

Branches:
Dungeon (9/15)             Temple (1/1) D:4             Orc (0/2) D:9
   Lair: D:8-11

Altars:
Ashenzari
Cheibriados
Dithmenos
Elyvilon
Fedhas
Gozag
Hepliaklqana
Kikubaaqudgha
Makhleb
Nemelex Xobeh
Okawaru
Qazlal
Ru
Sif Muna
Trog
Uskayaw
Vehumet
Wu Jian
Xom
Yredelemnul
Zin
The Shining One

Shops:
D:5 *   D:6 *


Innate Abilities, Weirdness & Mutations

You are too large for most types of armour.
You have claws for hands.
Your metabolism is lightning-fast.
You like to eat raw meat.
Your natural rate of healing is unusually fast.
You are covered in fur. (AC +1)
You have very tough skin. (AC +2)


Message History

* * * LOW HITPOINT WARNING * * *
You take 16 damage, and have 25/105 hp.
The gnoll sergeant blocks your attack.
The gnoll sergeant hits you but does no damage.
The gnoll sergeant closely misses you.
You closely miss the gnoll sergeant.
You kill the gnoll sergeant!
Okawaru accepts your kill.
The orc warrior hits you from afar with a trident!
* * * LOW HITPOINT WARNING * * *
The gnoll sergeant hits you with a spear of pain.
* * * LOW HITPOINT WARNING * * *
You writhe in agony.
* * * LOW HITPOINT WARNING * * *
You take 11 damage, and have 14/106 hp.
The gnoll sergeant barely misses you.
Items here: ))) †† a vampiric dagger {!w}; a dagger; a flail; an orc corpse; a gnoll corpse MP restored: 11
Found a stone staircase leading up.
There is an escape hatch in the ceiling here.
The gnoll sergeant hits you but does no damage.
You writhe in agony.
* * * LOW HITPOINT WARNING * * *
A mysterious force pulls you upwards. The hatch slams shut behind you.
You take 1 damage, and have 26/106 hp.
You start resting.
You feel like a meek peon again.
You start resting.
Eating a chunk of flesh {@w0}.
You eat the chunk of flesh {@w0}.
This raw flesh tastes great.
Health restored: 106
There is an open door here.
There is a stone staircase leading down here.
You climb downwards.
There is a stone staircase leading up, spattered with blood here.
The orc warrior shouts!
The orc warrior is too close now for your liking.
Things that are here:
a robe; a dagger
There is a stone staircase leading up, spattered with blood here.
The orc warrior hits you with a trident.
There is a stone staircase leading up, spattered with blood here.
You take 6 damage, and have 100/106 hp.
You closely miss the orc warrior.
The gnoll sergeant hits you from afar with a spear of pain.
The orc warrior hits you with a trident.
You take 7 damage, and have 93/106 hp.
The orc warrior hits you from afar with a trident.
The orc warrior hits you with a trident!
The gnoll hits you but does no damage.
The gnoll hits you from afar with a spear!
You take 21 damage, and have 73/106 hp.
You scratch the orc warrior but do no damage.
The orc warrior hits you with a trident.
The gnoll misses you.
You take 5 damage, and have 68/106 hp.
You closely miss the orc warrior. You claw the orc warrior!
The gnoll hits you from afar with a spear.
The orc warrior hits you with a trident.
You take 6 damage, and have 62/106 hp.
You scratch the orc warrior. The gnoll hits you but does no damage.
The orc warrior hits you with a trident!
You take 11 damage, and have 51/106 hp.
You claw the orc warrior! The gnoll sergeant closely misses you.
Unknown command.
You barely miss the orc warrior.
The gnoll hits you from afar with a spear.
The orc warrior hits you but does no damage.
The gnoll sergeant barely misses you.
You take 1 damage, and have 50/106 hp.
You barely miss the orc warrior. Your claw misses the orc warrior.
The gnoll hits you from afar with a spear!
The gnoll barely misses you.
The orc warrior hits you with a trident!
* * * LOW HITPOINT WARNING * * *
You take 22 damage, and have 28/106 hp.
MASSIVE DAMAGE!!
You scratch the orc warrior but do no damage.
The gnoll sergeant hits you from afar with a spear of pain.
* * * LOW HITPOINT WARNING * * *
The gnoll barely misses you. The gnoll closely misses you.
You take 2 damage, and have 26/106 hp.
You closely miss the orc warrior.
The orc warrior hits you with a trident.
* * * LOW HITPOINT WARNING * * *
The gnoll sergeant hits you from afar with a spear of pain.
* * * LOW HITPOINT WARNING * * *
You writhe in agony.
* * * LOW HITPOINT WARNING * * *
The gnoll hits you from afar with a spear.
* * * LOW HITPOINT WARNING * * *
You scratch the orc warrior. The orc warrior barely misses you.
The gnoll sergeant barely misses you. The gnoll barely misses you.
You take 12 damage, and have 14/106 hp.
You scratch the orc warrior but do no damage.
The orc warrior hits you with a trident.
* * * LOW HITPOINT WARNING * * *
The gnoll sergeant hits you from afar with a spear of pain!
You die...

...........#.........#
.<.
...............o.....# ..
.....................##.#
....(..............g....#
..................g.<####
....................g#
..............g......#
..............g#######
..............go@....#
..........#...g......#
.......).#...........#
.#.#..##.#..##########
#..#.......##
#..#.......# ...#.#.....#
...........# ....##.....#


You could see an orc warrior, 2 gnoll sergeants and a gnoll.

Vanquished Creatures
  Psyche (D:9)
  A kobold demonologist (D:9)
  Grinder (D:3)
  Sigmund (D:4)
  10 yaks (D:9)
  Menkaure (D:4)
  An ice beast (D:5)
  A black bear (D:6)
  A sky beast (D:6)
  3 orc warriors
  6 ogres
  2 phantoms
  3 centaurs
  3 big kobolds
  An elf zombie (Ossuary)
  6 bullfrogs
  A gnoll sergeant (D:9)
  3 scorpions
  2 howler monkeys (D:4)
  5 wights (D:7)
  A quasit (D:9)
  2 bullfrog zombies
  A centaur zombie (Ossuary)
  2 crimson imps
  2 human zombies (Ossuary)
  5 hounds
  6 orc wizards
  3 orc priests
  3 jellies
  Ijyb (D:4)
  An iguana (D:9)
  5 worker ants
  Natasha (D:3)
  A merfolk siren (Sewer)
  A killer bee zombie (D:6)
  A merfolk avatar (Sewer)
  A big kobold zombie (Ossuary)
  A hound zombie (D:9)
  2 mummies (Ossuary)
  7 gnolls
  13 adders
  2 river rats (Sewer)
  2 shadow imps (D:5)
  An ooze (D:5)
  3 adder zombies
  2 worms (D:2)
  2 dart slugs
  8 leopard geckos
  22 orcs
  5 ball pythons
  8 giant cockroaches
  10 goblins
  7 hobgoblins
  13 jackals
  3 quokkas
  6 bats
  8 frilled lizards
  2 goblin zombies (Ossuary)
  8 hobgoblin zombies (Ossuary)
  A jackal zombie (Ossuary)
  8 kobolds
  13 kobold zombies (Ossuary)
  A leopard gecko skeleton (D:4)
  A leopard gecko zombie (D:6)
  6 orc zombies (Ossuary)
  A quokka skeleton (D:5)
  34 rats
290 creatures vanquished.

Notes
Turn   | Place    | Note
-------+----------+-------------------------------------------
     0 | D:1      | Firecrotchwizard the Troll Monk began the quest for the Orb.
     0 | D:1      | Reached XP level 1. HP: 22/22 MP: 0/0
   110 | D:1      | Reached XP level 2. HP: 29/29 MP: 1/1
   367 | D:1      | You fall through a shaft!
   435 | D:2      | Reached skill level 4 in Unarmed Combat
   435 | D:2      | Reached XP level 3. HP: 26/36 MP: 2/2
   847 | D:2      | Reached skill level 3 in Fighting
  1399 | D:3      | Reached XP level 4. HP: 41/45 MP: 3/3
  1513 | D:3      | HP: 8/45 [gnoll/halberd (5)]
  1525 | D:3      | HP: 11/45 [orc/short sword (3)]
  1570 | D:3      | Noticed Grinder
  1585 | D:3      | Paralysed by Grinder for 4 turns
  1594 | D:3      | Killed Grinder
  1594 | D:3      | Reached skill level 6 in Unarmed Combat
  1594 | D:3      | Reached XP level 5. HP: 52/54 MP: 4/4
  1594 | D:3      | Reached XP level 6. HP: 60/62 MP: 5/5
  1743 | D:3      | Found a glowing drain.
  1747 | Sewer    | Entered a sewer
  1757 | Sewer    | Reached skill level 4 in Fighting
  2367 | D:3      | Found a deep blue altar of Sif Muna.
  2380 | D:3      | Noticed Natasha
  2383 | D:3      | Killed Natasha
  2576 | D:4      | Reached XP level 7. HP: 62/70 MP: 6/6
  2612 | D:4      | Reached skill level 7 in Unarmed Combat
  2697 | D:4      | Noticed Menkaure
  2699 | D:4      | HP: 11/71 [??? (9)]
  2703 | D:4      | Killed Menkaure
  2703 | D:4      | Reached skill level 5 in Fighting
  2703 | D:4      | Reached skill level 8 in Unarmed Combat
  2856 | D:4      | Found a staircase to the Ecumenical Temple.
  2860 | D:4      | Reached XP level 8. HP: 69/80 MP: 7/7
  2866 | D:4      | Noticed Ijyb
  2888 | D:4      | Killed Ijyb
  2905 | Temple   | Entered the Ecumenical Temple
  2993 | Temple   | Became a worshipper of Warmaster Okawaru
  2993 | Temple   | Reached * piety under Okawaru
  2993 | Temple   | Reached ** piety under Okawaru
  3054 | D:4      | Found a sand-covered staircase.
  3090 | Ossuary  | Entered an ossuary
  3246 | Ossuary  | Reached skill level 9 in Unarmed Combat
  3458 | D:4      | Noticed Sigmund
  3464 | D:4      | Killed Sigmund
  3582 | D:5      | Entered Level 5 of the Dungeon
  3678 | D:5      | Reached skill level 6 in Fighting
  3698 | D:5      | Reached skill level 10 in Unarmed Combat
  3874 | D:5      | Reached XP level 9. HP: 50/89 MP: 8/8
  4234 | D:5      | Found Tihuclick's Assorted Antiques.
  4250 | D:5      | Bought 2 scrolls labeled CUGHIPNOHO for 54 gold pieces
  4250 | D:5      | Bought a blackened granite ring for 135 gold pieces
  4250 | D:5      | Bought a scroll of teleportation for 81 gold pieces
  4547 | D:6      | Found an iron altar of Okawaru.
  4589 | D:6      | Reached *** piety under Okawaru
  4813 | D:6      | HP: 18/92 [ogre/giant club (20)]
  4816 | D:6      | HP: 1/92 [ogre/giant club (10)]
  4817 | D:6      | Reached skill level 11 in Unarmed Combat
  4995 | D:6      | Found Zumeoliwy's Assorted Antiques.
  5682 | D:7      | Reached skill level 7 in Fighting
  6469 | D:7      | Reached **** piety under Okawaru
  7145 | D:8      | Reached XP level 10. HP: 102/102 MP: 9/9
  7397 | D:9      | Noticed Psyche
  7539 | D:9      | Reached skill level 12 in Unarmed Combat
  7553 | D:9      | Reached skill level 1 in Invocations
  7557 | D:9      | Reached skill level 1 in Armour
  7559 | D:9      | HP: 20/102 [yak (10)]
  7568 | D:9      | HP: 21/104 [poisoned by an adder]
  7696 | D:9      | Noticed a rust devil
  7699 | D:9      | Reached skill level 2 in Invocations
  7704 | D:9      | Reached skill level 2 in Armour
  7757 | D:9      | Killed Psyche
  7766 | D:9      | Reached skill level 8 in Fighting
  7804 | D:9      | Reached ***** piety under Okawaru
  7809 | D:9      | Reached skill level 3 in Invocations
  7906 | D:9      | Reached skill level 3 in Armour
  8159 | D:9      | Found a staircase to the Orcish Mines.
  8176 | D:9      | Received a gift from Okawaru
  8198 | D:9      | HP: 25/105 [orc warrior/trident (17)]
  8220 | D:9      | HP: 25/106 [gnoll sergeant/spear of pain (2)]
  8423 | D:9      | HP: 26/106 [gnoll sergeant/spear of pain (3)]
  8426 | D:9      | HP: 9/106 [orc warrior/trident (5)]
  8426 | D:9      | Slain by a gnoll sergeant

Vault maps used:
D:1:      dpeg_arrival_subterranean_lakeside_camping, minmay_small_reverse_x
D:2:      serial_forest, infiniplex_forest_lined_2,
          infiniplex_forest_clump_medium, infiniplex_forest_lined_2,
          infiniplex_forest_zigzag_1, infiniplex_forest_end_3,
          infiniplex_forest_straight_2, infiniplex_forest_clump_diagonal,
          infiniplex_forest_side_room
D:3:      nicolae_overflow_crystal_walls, gup_sewer_entry_spiral, serial_glass,
          glass_columns_a, glass_columns_c, first_ration, uniq_natasha,
          uniq_grinder
D:4:      minmay_temple_entry_statues_pillars,
          lightli_ossuary_entry_decrepit_ruins, uniq_sigmund, uniq_menkaure,
          uniq_ijyb
D:5:      serial_shops, shop_coins
D:6:      serial_shops, shop, okawaru_metal_pillars_3
D:9:      kennysheep_orc_monster_closet_entryway, uniq_psyche
Temple:   grunt_wide_crystal_templ
Sewer:    sewer_sea
Ossuary:  ossuary_tomb_1

Skill      XL: |  1  2  3  4  5  6  7  8  9 10 |
---------------+-------------------------------+-----
Unarmed Combat | 4 6 8 10 11 12 | 12.0
Fighting       | 3 4 5 6 7 8 |  8.4
Invocations    | 3 |  3.8
Armour         | 3 |  3.4
Dodging        | |  2.4
Stealth        | |  1.0

Action                   |  1- 3 |  4- 6 |  7- 9 | 10-12 || total
-------------------------+-------+-------+-------+-------++-------
Melee: Unarmed           |   116 |   194 |   376 |   140 ||   826
       Punch             |     2 |     5 |    17 |     5 ||    29
Throw: Large rock        |       |       |     9 |     1 ||    10
Invok: Heroism           |       |       |     1 |     2 ||     3
  Use: Potion            |       |       |     1 |       ||     1
       Scroll            |       |       |    15 |       ||    15
 Stab: Sleeping          |     2 |     2 |     3 |       ||     7
  Eat: Chunk             |    18 |    12 |    35 |    14 ||    79
       Ration            |       |       |       |     1 ||     1
Armor: Robe              |    38 |    56 |    90 |    32 ||   216
Dodge: Dodged            |    54 |    92 |   156 |    50 ||   352
Block: Other             |       |       |     4 |     6 ||    10
       Reflection        |       |       |     1 |       ||     1

Table legend:
 A = Spawn XP
 B = Non-spawn XP
 C = Spawn XP percentage of total XP
 D = Spawn monster count
 E = Non-spawn monster count
 F = Spawn count percentage of total count
 G = Total turns spent on level
                    A         B        C        D         E        F      G
               +---------+---------+-------+---------+---------+-------+---------
         Total |       0 |    9424 |   0.0 |       0 |     290 |   0.0 |  8426
               +---------+---------+-------+---------+---------+-------+---------
           D:1 |       0 |      31 |   0.0 |       0 |      20 |   0.0 |   367
           D:2 |       0 |      50 |   0.0 |       0 |      19 |   0.0 |   782
           D:3 |       0 |     468 |   0.0 |       0 |      36 |   0.0 |  1025
           D:4 |       0 |    1276 |   0.0 |       0 |      29 |   0.0 |   639
           D:5 |       0 |     524 |   0.0 |       0 |      17 |   0.0 |   819
           D:6 |       0 |    1321 |   0.0 |       0 |      26 |   0.0 |   999
           D:7 |       0 |    1127 |   0.0 |       0 |      25 |   0.0 |  1119
           D:8 |       0 |     234 |   0.0 |       0 |       9 |   0.0 |  1294
           D:9 |       0 |    3884 |   0.0 |       0 |      28 |   0.0 |   613
         Sewer |       0 |     173 |   0.0 |       0 |      42 |   0.0 |   457
       Ossuary |       0 |     336 |   0.0 |       0 |      39 |   0.0 |   214
               +---------+---------+-------+---------+---------+-------+---------

Vault maps used:
D:1:      dpeg_arrival_subterranean_lakeside_camping, minmay_small_reverse_x
D:2:      serial_forest, infiniplex_forest_lined_2,
          infiniplex_forest_clump_medium, infiniplex_forest_lined_2,
          infiniplex_forest_zigzag_1, infiniplex_forest_end_3,
          infiniplex_forest_straight_2, infiniplex_forest_clump_diagonal,
          infiniplex_forest_side_room
D:3:      nicolae_overflow_crystal_walls, gup_sewer_entry_spiral, serial_glass,
          glass_columns_a, glass_columns_c, first_ration, uniq_natasha,
          uniq_grinder
D:4:      minmay_temple_entry_statues_pillars,
          lightli_ossuary_entry_decrepit_ruins, uniq_sigmund, uniq_menkaure,
          uniq_ijyb
D:5:      serial_shops, shop_coins
D:6:      serial_shops, shop, okawaru_metal_pillars_3
D:9:      kennysheep_orc_monster_closet_entryway, uniq_psyche
Temple:   grunt_wide_crystal_templ
Sewer:    sewer_sea
Ossuary:  ossuary_tomb_1

Table legend:
 A = Turns spent in this place as a percentage of turns spent in the entire game.
 B = Non-inter-level travel turns spent in this place as a percentage of non-inter-level travel turns spent in the entire game.
 C = Inter-level travel turns spent in this place as a percentage of turns spent in this place.
 D = Turns resting spent in this place as a percentage of non-inter-level travel turns spent in this place.
 E = Turns spent auto-exploring this place as a percentage of non-inter-level travel turns spent in this place.
 F = Non-inter-level travel turns spent in this place divided by the number of levels of this place that you've seen.
                   A       B       C       D       E      F
               +-------+-------+-------+-------+-------+----------------------
         Total | 100.0 | 100.0 |   4.8 |  13.1 |  61.6 | 668.5
       Dungeon |  90.9 |  90.8 |   4.9 |  14.4 |  63.4 | 809.0
        Temple |   1.2 |   0.9 |  28.6 |   0.0 |  97.1 |  70.0
         Sewer |   5.4 |   5.7 |   0.0 |   0.4 |  36.3 | 457.0
       Ossuary |   2.5 |   2.7 |   0.0 |   0.0 |  41.6 | 214.0
               +-------+-------+-------+-------+-------+----------------------

Table legend:
 A = Kills in this place as a percentage of kills in entire the game.
 B = Kills by you in this place as a percentage of kills by you in the entire game.
 C = Kills by friends in this place as a percentage of kills by friends in the entire game.
 D = Other kills in this place as a percentage of other kills in the entire game.
 E = Experience gained in this place as a percentage of experience gained in the entire game.
 F = Experience gained in this place divided by the number of levels of this place that you have seen.
                   A       B       C       D       E      F
               +-------+-------+-------+-------+-------+----------------------
         Total | 100.0 | 100.0 |   N/A |   N/A | 100.0 | 785.3
       Dungeon |  72.1 |  72.1 |   N/A |   N/A |  94.6 | 990.6
         Sewer |  14.5 |  14.5 |   N/A |   N/A |   1.8 | 173.0
       Ossuary |  13.4 |  13.4 |   N/A |   N/A |   3.6 | 336.0
               +-------+-------+-------+-------+-------+----------------------
